 Dungeon Crawl Stone Soup version 0.29.0-11-gd7f09526c8 (webtiles) character file.

Game seed: 7891742577066463226

13475 MeatBomb the Grappler (level 11, -6/160 HPs)
             Began as a Troll Gladiator on Sept 7, 2022.
             Was a High Priest of Okawaru.
             Mangled by a skeletal warrior
             ... wielding a +0 scimitar
              (10 damage)
             ... on level 11 of the Dungeon.
             The game lasted 01:29:28 (9894 turns).

MeatBomb the Grappler (Troll Gladiator)             Turns: 9894, Time: 01:29:29

Health: -6/160     AC: 25    Str: 28    XL:     11   Next: 76%
Magic:  10/11      EV:  1    Int:  4    God:    Okawaru [*****.]
Gold:   1158       SH:  5    Dex: 11    Spells: 10/10 levels left

rFire   . . .      SeeInvis .     - Unarmed
rCold   + . .      Faith    .   (no shield)
rNeg    . . .      Spirit   .   (body armour currently unavailable)
rPois   +          Reflect  +   (helmet currently unavailable)
rElec   .          Harm     .   (cloak currently unavailable)
rCorr   +          Rampage  .   (gloves unavailable)
Will    .....      NoTele   +   (boots unavailable)
Stlth   +.........              B - amulet of reflection
HPRegen 1.16/turn               N - ring of protection from cold
MPRegen 0.12/turn               E - ring of resist corrosion

@: tree-form, hasted, very quick
A: stationary, stasis, torment immunity, boosted hp, large, unfitting armour,
(claws 3), regeneration 1, (shaggy fur 1), (tough skin 1)
a: Renounce Religion, Heroism, Finesse, Duel


You were on level 11 of the Dungeon.
You worshipped Okawaru.
Okawaru was extremely pleased with you.
You were a tree.
You visited 2 branches of the dungeon, and saw 12 of its levels.
You also visited: Sewer and Ossuary.

You collected 1158 gold pieces.

Inventory:

Missiles
 c - 3 throwing nets
 d - 3 large rocks
 k - 79 stones
 m - 2 boomerangs (quivered)
 n - 13 poisoned darts
 w - 15 javelins
 I - 10 curare-tipped darts
 J - an atropa-tipped dart
Armour
 z - a +2 hat (melded)
 A - a +0 cloak (melded)
 H - +0 acid dragon scales
 M - a +0 troll leather armour
 P - a +2 robe of cold resistance (melded)
Jewellery
 j - a ring of fire
 l - a ring of ice
 v - a ring of see invisible
 B - an amulet of reflection (around neck)
 D - an amulet of magic regeneration
 E - a ring of resist corrosion (right branch)
 N - a ring of protection from cold (left branch)
Wands
 t - a wand of flame (40)
 F - a wand of quicksilver (12)
 K - a wand of polymorph (3)
 L - a wand of digging (4)
Scrolls
 a - a scroll of magic mapping {unknown}
 b - a scroll of enchant weapon
 p - 4 scrolls of poison
 r - 2 scrolls of identify
 u - 4 scrolls of fear
 x - 4 scrolls of amnesia
 y - 4 scrolls of teleportation
 C - 2 scrolls of immolation
Potions
 e - 3 potions of flight
 f - 2 potions of heal wounds
 g - 2 potions of brilliance
 h - a potion of might
 o - a potion of ambrosia
 q - 2 potions of curing
 s - a potion of magic
 G - 2 potions of attraction


   Skills:
 + Level 6.5 Fighting
 * Level 10.1 Throwing
 + Level 3.0 Armour
 + Level 6.8 Dodging
 * Level 11.2 Unarmed Combat
 + Level 1.4 Invocations


You had 10 spell levels left.
You didn't know any spells.
Your spell library contained the following spells:

 Spells                   Type           Power      Damage    Failure   Level
 Apportation              Tloc           0%         N/A       50%         1
 Foxfire                  Conj/Fire      0%         2x1d4     50%         1
 Necrotise                Necr           0%         1d4       50%         1
 Ignite Poison            Fire/Tmut/Pois 0%         N/A       86%         3
 Inner Flame              Hex/Fire       0%         N/A       86%         3
 Mephitic Cloud           Conj/Pois/Air  0%         N/A       86%         3
 Ozocubu's Armour         Ice            0%         N/A       86%         3
 Portal Projectile        Hex/Tloc       0%         N/A       86%         3
 Cause Fear               Hex            0%         N/A       99%         4
 Blade Hands              Tmut           0%         N/A       100%        5
 Freezing Cloud           Conj/Ice/Air   0%         6-21      100%        5
 Ozocubu's Refrigeration  Ice            0%         4d7       100%        7
 Discord                  Hex            0%         N/A       100%        8
 Summon Small Mammal      Summ           Unusable   N/A       N/A         1
 Call Canine Familiar     Summ           Unusable   N/A       N/A         3
 Summon Guardian Golem    Hex/Summ       Unusable   N/A       N/A         3
 Tukima's Dance           Hex            Unusable   N/A       N/A         3
 Summon Forest            Summ/Tloc      Unusable   N/A       N/A         5
 Malign Gateway           Summ/Tloc      Unusable   N/A       N/A         7

Dungeon Overview and Level Annotations

Branches:
Dungeon (11/15)            Temple (1/1) D:7            Lair (0/5) D:8
    Orc (0/2) D:11          Sewer (visited)         Ossuary (visited)

Altars:
Ashenzari
Cheibriados
Dithmenos
Elyvilon
Fedhas
Gozag
Hepliaklqana
Kikubaaqudgha
Makhleb
Nemelex Xobeh
Okawaru
Qazlal
Ru
Sif Muna
Trog
Uskayaw
Vehumet
Wu Jian
Xom
Yredelemnul
Zin
The Shining One

Shops:
D:3 :   D:6 :


Innate Abilities, Weirdness & Mutations

You are a tree.
Your roots penetrate the ground, keeping you stationary.
You cannot be teleported.
You are immune to unholy pain and torment.
Your maximum health is greatly increased.
Your equipment is partially melded.
You are too large for most types of armour.
((You have claws for hands.))
Your natural rate of healing is unusually fast.
((You are covered in fur. (AC +1)))
((You have tough skin. (AC +1)))


Message History

You hit the skeletal warrior. Your punch misses the skeletal warrior.
The skeletal warrior is almost destroyed.
You hit the skeletal warrior but do no damage.
The skeletal warrior is almost destroyed.
You block the skeletal warrior's attack.
The skeletal warrior hits you with a +0 glaive!
* * * LOW HITPOINT WARNING * * *
You smack the skeletal warrior!
You destroy the skeletal warrior!
Okawaru is honoured by your kill.
You feel much better.
The skeletal warrior hits you but does no damage.
You smack the skeletal warrior!
The skeletal warrior is severely damaged.
The skeletal warrior hits you with a +1 vorpal battleaxe!
* * * LOW HITPOINT WARNING * * *
x2 You block the skeletal warrior's attack.
You pummel the skeletal warrior!!
You destroy the skeletal warrior!
Okawaru is honoured by your kill. Okawaru grants you throwing weapons!
Something appears at your feet!
You block the skeletal warrior's attack.
Your Armour skill increases to level 3!
You swing at nothing.
You hit the skeletal warrior but do no damage.
You hit the skeletal warrior but do no damage.
The skeletal warrior hits you with a +1 vorpal battleaxe!
* * * LOW HITPOINT WARNING * * *
x2 The skeletal warrior hits you with a +0 scimitar.
* * * LOW HITPOINT WARNING * * *
You feel much better.
The skeletal warrior hits you but does no damage.
The skeletal warrior hits you with a +0 scimitar!
* * * LOW HITPOINT WARNING * * *
You feel yourself speed up.
The skeletal warrior hits you with a +1 vorpal battleaxe!
* * * LOW HITPOINT WARNING * * *
x2 The skeletal warrior hits you with a +0 scimitar!
You die...

#### ...#.# ...#.# ...#.#
########## ...#.#
#........#### ...#.#
#........#..+ . ...#.#
#........#z##.... ...#.#
#........♣z..# .....#
#........#####
.##..###........+ #.........
.###|.##........# #.........
##
#..##........#######........
#..#####+###.##...........#
#........# #.##...........#
##.....#####.##...........####
#...........#................


You could see 2 skeletal warriors.

Vanquished Creatures
  Fannar (D:11)
  A hydra (D:9)
  A two-headed ogre (D:11)
  Amaemon (D:8)
  2 skeletal warriors (D:11)
  An orange demon (D:9)
  An unseen horror (D:9)
  A kobold demonologist (D:11)
  3 trolls
  A queen bee (shapeshifter) (D:11)
  A wraith (D:11)
  20 yaks
  2 steam dragons (D:7)
  2 water moccasins
  3 acid dragons
  2 sky beasts
  An orc warrior (D:11)
  A hornet zombie (D:7)
  A black bear (D:7)
  4 wolves
  7 centaurs
  A kobold brigand (D:9)
  A phantom (D:4)
  2 elf zombies (Ossuary)
  6 bullfrogs
  5 necrophages
  3 scorpions
  A water moccasin zombie (D:7)
  8 wights
  6 killer bees (D:9)
  6 howler monkeys
  2 electric eels (D:8)
  A centaur zombie (D:7)
  5 jellies
  5 orc priests
  6 hounds
  A gnoll bouda (D:6)
  Ijyb (D:3)
  2 iguanas
  6 orc wizards
  2 mummies (Ossuary)
  7 adders
  3 gnolls (D:6)
  A shadow imp (D:5)
  A white imp (D:6)
  3 worms
  4 dart slugs
  31 orcs
  13 ball pythons
  8 endoplasms
  13 giant cockroaches
  9 goblins
  6 hobgoblins
  18 kobolds
  7 quokkas
  4 bats
  8 frilled lizards
  A gnoll zombie (Ossuary)
  3 goblin zombies (Ossuary)
  4 hobgoblin zombies (Ossuary)
  4 orc zombies (Ossuary)
  4 rats
  2 bushes (D:7)
281 creatures vanquished.

Vanquished Creatures (others)
  3 fungi (D:7)
  7 plants (D:7)
10 creatures vanquished.

Grand Total: 291 creatures vanquished

Notes
Turn   | Place    | Note
-------+----------+-------------------------------------------
     0 | D:1      | MeatBomb the Troll Gladiator began the quest for the Orb.
     0 | D:1      | Reached XP level 1. HP: 19/19 MP: 0/0
   106 | D:1      | Reached XP level 2. HP: 25/28 MP: 1/1
  1066 | D:2      | Reached XP level 3. HP: 35/35 MP: 2/2
  1066 | D:2      | You fall into a shaft and drop 2 floors!
  1216 | D:4      | Reached XP level 4. HP: 13/42 MP: 3/3
  1331 | D:4      | Noticed a phantom
  1363 | D:4      | Killed a phantom
  1364 | D:4      | Reached skill level 4 in Unarmed Combat
  1364 | D:4      | Reached XP level 5. HP: 38/49 MP: 4/4
  1438 | D:4      | Reached XP level 6. HP: 22/59 MP: 5/5
  1725 | D:4      | Reached skill level 5 in Unarmed Combat
  1733 | D:4      | Reached XP level 7. HP: 51/66 MP: 6/6
  1982 | D:2      | Found an ancient bone altar of Kikubaaqudgha.
  2459 | D:3      | Found a faded altar of an unknown god.
  2519 | D:3      | Noticed Ijyb
  2526 | D:3      | Killed Ijyb
  2628 | D:3      | Found Sysa's Book Emporium.
  3595 | D:5      | Entered Level 5 of the Dungeon
  3604 | D:5      | Found an ornate altar of the Wu Jian Council.
  3652 | D:5      | Found a glowing drain.
  3670 | Sewer    | Entered a sewer
  4057 | D:5      | Reached skill level 5 in Throwing
  4220 | D:5      | Reached skill level 6 in Unarmed Combat
  4245 | D:5      | Found a glowing silver altar of Zin.
  4291 | D:5      | Reached XP level 8. HP: 64/75 MP: 7/7
  5141 | D:6      | Found a stormy altar of Qazlal.
  5425 | D:6      | Found a sand-covered staircase.
  5431 | Ossuary  | Entered an ossuary
  5921 | D:6      | Found Itadafirah's Book Emporium.
  6038 | D:6      | Found a sacrificial altar of Ru.
  6111 | D:6      | Reached skill level 7 in Unarmed Combat
  6413 | D:7      | Reached XP level 9. HP: 84/84 MP: 8/8
  6431 | D:7      | Found a staircase to the Ecumenical Temple.
  6441 | Temple   | Entered the Ecumenical Temple
  6559 | D:7      | Found a broken altar of Ashenzari.
  6563 | D:7      | Found a white marble altar of Elyvilon.
  6701 | D:7      | Found a hide-covered altar of Uskayaw.
  6761 | D:7      | Found a blossoming altar of Fedhas.
  7073 | D:7      | Reached skill level 8 in Unarmed Combat
  7076 | D:7      | Reached skill level 5 in Dodging
  7213 | D:8      | Noticed a troll
  7436 | D:8      | Reached skill level 5 in Fighting
  7496 | D:8      | Found an iron altar of Okawaru.
  7503 | D:8      | Became a worshipper of Warmaster Okawaru
  7627 | D:8      | Killed a troll
  7628 | D:8      | Reached skill level 9 in Unarmed Combat
  7628 | D:8      | Reached XP level 10. HP: 81/96 MP: 9/9
  7672 | D:8      | Found a staircase to the Lair.
  7764 | D:8      | Found an opulent altar of Gozag.
  7812 | D:9      | Noticed Amaemon
  7812 | D:9      | Noticed an orange demon
  7812 | D:9      | Noticed a four-headed hydra
  7828 | D:8      | Killed Amaemon
  7828 | D:8      | Reached * piety under Okawaru
  7954 | D:9      | Killed an orange demon
  8078 | D:9      | Found a glowing golden altar of the Shining One.
  8152 | D:9      | Reached ** piety under Okawaru
  8296 | D:9      | Reached skill level 10 in Unarmed Combat
  8301 | D:9      | Reached *** piety under Okawaru
  8362 | D:9      | Reached skill level 1 in Armour
  8499 | D:9      | Killed a four-headed hydra
  8499 | D:9      | Received a gift from Okawaru
  8499 | D:9      | Received a gift from Okawaru
  8500 | D:9      | Reached XP level 11. HP: 105/105 MP: 10/10
  8734 | D:10     | Entered Level 10 of the Dungeon
  8939 | D:10     | Found a shimmering altar of Xom.
  8941 | D:10     | Found a shimmering altar of Xom.
  8941 | D:10     | Found a shimmering altar of Xom.
  8952 | D:10     | Found a shimmering altar of Xom.
  9414 | D:11     | Reached **** piety under Okawaru
  9457 | D:11     | Found a staircase to the Orcish Mines.
  9474 | D:11     | Noticed a sixfirhy
  9653 | D:11     | Reached ***** piety under Okawaru
  9708 | D:11     | Noticed Fannar
  9711 | D:11     | Noticed a two-headed ogre
  9722 | D:11     | Killed Fannar
  9723 | D:11     | Reached skill level 11 in Unarmed Combat
  9728 | D:11     | Killed a two-headed ogre
  9729 | D:11     | Reached skill level 10 in Throwing
  9854 | D:11     | Reached skill level 1 in Invocations
  9863 | D:11     | Got Sif Muna's Grimoire of Shifting Striking
  9869 | D:11     | Noticed a skeletal warrior
  9869 | D:11     | Noticed a skeletal warrior
  9869 | D:11     | Noticed a skeletal warrior
  9870 | D:11     | Noticed a skeletal warrior
  9886 | D:11     | Killed a skeletal warrior
  9889 | D:11     | Killed a skeletal warrior
  9889 | D:11     | Received a gift from Okawaru
  9892 | D:11     | HP: 8/160 [skeletal warrior/+1 vorpal battleaxe (3)]
  9894 | D:11     | Mangled by a skeletal warrior

Illustrated notes

Levels and vault maps discovered:
D:1:      matt_arrival_spirals, layout_basic, minmay_cut_off
D:2:      layout_loops_ring, basic_altar
D:3:      corexii_shack_village, layout_loops_cross, serial_shops,
          nicolae_shop_competitors_out_of_business,
          shapermc_ecumenical_altar_mp_highgroup, uniq_ijyb
D:4:      layout_basic
D:5:      layout_loops_corners, zin_academy, nicolae_wu_jian_wuxing_cycle,
          cheibrodos_sewer_entry_bend
D:6:      layout_basic, nicolae_qazlal_eye_of_the_storm,
          nicolae_ru_path_of_blood, nicolae_ossuary_entry_plus, serial_shops,
          kennysheep_mini_moat
D:7:      layout_basic, fedhas_altar_decomposition,
          mainiacjoe_overflow_concentric_impassable,
          mainiacjoe_overflow_catch_the_wave, minmay_temple_entry_glass
D:8:      layout_rooms, nicolae_gozag_cash_rules_everything_around_me,
          okawaru_ov_weapons_minmay, erik_lair_island, moated_statue
D:9:      layout_small_grid, mainiacjoe_overflow_tiny_flanked, uniq_amaemon
D:10:     layout_irregular_city, xom_redecorated
D:11:     layout_basic, orc_0_dummy, uniq_fannar
Temple:   eino_wide_crystal_templ

Skill      XL: |  1  2  3  4  5  6  7  8  9 10 11 |
---------------+----------------------------------+-----
Throwing       | 2 3 4 5 6 7 9 10 | 10.1
Fighting       | 2 3 4 5 6 |  6.5
Dodging        | 3 4 5 6 |  6.8
Unarmed Combat | 4 5 6 7 9 10 11 | 11.2
Armour         | 1 3 |  3.0
Invocations    | 1 |  1.4

Action                   |  1- 3 |  4- 6 |  7- 9 | 10-12 || total
-------------------------+-------+-------+-------+-------++-------
Melee: Unarmed           |   111 |    46 |   338 |   189 ||   684
       Punch             |     1 |     1 |    15 |     8 ||    25
Throw: Stone             |    17 |     7 |       |       ||    24
       Throwing net      |     2 |       |       |       ||     2
       Boomerang         |       |       |   211 |   121 ||   332
  Use: Scroll            |     2 |       |    20 |       ||    22
       Potion            |       |       |       |     8 ||     8
 Stab: Held in net/web   |     1 |       |       |       ||     1
       Sleeping          |       |       |     1 |       ||     1
Armor: Robe              |    26 |     3 |    98 |    12 ||   139
       Skin              |       |       |       |    65 ||    65
       Acid dragon scale |       |       |       |     9 ||     9
       Troll leather arm |       |       |       |    11 ||    11
Dodge: Dodged            |    38 |    14 |   162 |    61 ||   275
Block: Other             |       |       |    51 |    44 ||    95
       Reflection        |       |       |     1 |     3 ||     4
